 Dungeon Crawl Stone Soup version 0.24.0-123-gd5b16e6ec5 (webtiles) character file.

Game seed: 3830261053811289204, levelgen mode: deterministic

826 Peloso the Slasher (level 7, 0/63 HPs)
             Began as a Minotaur Fighter on Feb 12, 2020.
             Slain by a centaur (7 damage)
             ... on level 5 of the Dungeon.
             The game lasted 00:08:44 (4135 turns).

Peloso the Slasher (Minotaur Fighter)               Turns: 4135, Time: 00:08:45

Health: 0/63       AC: 10    Str: 26    XL:     7   Next: 64%
Magic:  6/6        EV:  7    Int:  5    God:
Gold:   231        SH: 10    Dex: 11    Spells: 6/6 levels left

rFire    . . .     SeeInvis .   a - +0 long sword
rCold    + . .     Gourm    .   c - +0 shield
rNeg     . . .     Faith    .   l - +0 chain mail
rPois    .         Spirit   .   (helmet restricted)
rElec    .         Reflect  .   (no cloak)
rCorr    .         Harm     .   (no gloves)
MR       .....                  (no boots)
Stlth    ..........             (no amulet)
HPRegen  0.20/turn              i - ring of protection from cold
MPRegen  0.10/turn              o - ring of wizardry

@: mighty
A: retaliatory headbutt, horns 2
a: no special abilities


You were on level 5 of the Dungeon.
You were hungry.

You visited 1 branch of the dungeon, and saw 5 of its levels.

You collected 231 gold pieces.

Inventory:

Hand Weapons
 a - a +0 long sword (weapon)
Armour
 b - a +0 scale mail
 c - a +0 shield (worn)
 l - a +0 chain mail (worn)
Jewellery
 i - a ring of protection from cold (left hand)
 o - a ring of wizardry (right hand)
 v - an uncursed ring of wizardry
Wands
 s - a wand of clouds (6)
 t - a wand of random effects (12)
Scrolls
 g - a scroll of teleportation
 h - 3 scrolls of remove curse
 k - a scroll of fog
 r - 3 scrolls of identify
Potions
 d - 3 potions of might
 e - a potion of brilliance
 m - a potion of heal wounds
 p - 3 potions of curing {unknown}
 u - a potion of flight {unknown}
 w - a potion of agility
Comestibles
 f - 5 rations
 j - 2 chunks of flesh


   Skills:
 + Level 6.0 Fighting
 + Level 6.6 Long Blades
 + Level 5.5 Armour
 + Level 2.5 Dodging
 + Level 0.1 Stealth
 + Level 5.4 Shields


You had 6 spell levels left.
You didn't know any spells.
Your spell library was empty.

Dungeon Overview and Level Annotations

Branches:
Dungeon (5/15)
 Temple: D:4-7

Altars:

Annotations:
D:5 Prince Ribbit


Innate Abilities, Weirdness & Mutations

You reflexively headbutt those who attack you in melee.
You have a pair of horns on your head.


Message History

Prince Ribbit casts a spell.
Prince Ribbit looks slightly unstable.
Found two stone staircases leading down.
A bullfrog skeleton comes into view.
Prince Ribbit croaks regally.
The centaur drinks a potion.
The centaur seems to grow stronger.
Prince Ribbit blinks!
The shadow imp sputters.
The centaur shoots an arrow.
You block the arrow.
You see here an arrow.
Unknown command.
The centaur unwields a +0 shortbow.
The centaur closely misses you.
You riposte.
You barely miss the centaur. You headbutt the centaur!
The centaur is heavily wounded.
Found 19 stones.
Unknown command.
You closely miss the centaur.
The centaur is heavily wounded.
Prince Ribbit disappears!
The centaur hits you!
You die...

.... ##...#####
....##........
#..........# .
## #..§.....#
..##.##....†(..#
#.........(....#
..>........))..#
........(.###.##
....Z.5@..# #.#
......c...# ###
..>..l...##
(........#
...........###
...........
...........
.........##
.....#....##


You could see a centaur, a shadow imp, a leopard gecko and a bullfrog skeleton.

Vanquished Creatures
  2 ogres (D:5)
  Blork the orc (D:5)
  A howler monkey (D:4)
  A crimson imp (D:5)
  2 hounds (D:5)
  A bullfrog skeleton (D:4)
  2 orc wizards (D:3)
  A centaur skeleton (D:4)
  4 worker ants
  A hound skeleton (D:4)
  A howler monkey skeleton (D:4)
  3 gnolls (D:5)
  12 adders
  An ooze (D:4)
  An adder zombie (D:5)
  4 worms
  A dart slug (D:1)
  4 leopard geckos
  11 orcs
  7 giant cockroaches
  5 goblins
  3 hobgoblins
  3 jackals (D:3)
  A quokka (D:3)
  2 ball pythons (D:4)
  7 bats
  7 frilled lizards
  9 kobolds
  5 rats
103 creatures vanquished.

Notes
Turn   | Place    | Note
-------+----------+-------------------------------------------
     0 | D:1      | Peloso the Minotaur Fighter began the quest for the Orb.
     0 | D:1      | Reached XP level 1. HP: 19/19 MP: 0/0
    27 | D:1      | You fall into a shaft and drop 1 floor!
    87 | D:2      | Reached XP level 2. HP: 19/27 MP: 1/1
   566 | D:2      | Reached XP level 3. HP: 32/33 MP: 2/2
   626 | D:2      | Found a faded altar of an unknown god.
  1420 | D:1      | Reached XP level 4. HP: 41/41 MP: 3/3
  1926 | D:3      | Reached skill level 1 in Dodging
  2365 | D:3      | Reached XP level 5. HP: 43/47 MP: 4/4
  3253 | D:4      | Reached XP level 6. HP: 40/53 MP: 5/5
  3269 | D:4      | Reached skill level 5 in Armour
  3320 | D:4      | Reached skill level 5 in Long Blades
  3372 | D:4      | Reached skill level 5 in Shields
  3547 | D:4      | Reached skill level 5 in Fighting
  3986 | D:5      | Entered Level 5 of the Dungeon
  3986 | D:5      | Noticed Blork the orc
  3988 | D:5      | Killed Blork the orc
  4004 | D:5      | Reached XP level 7. HP: 30/62 MP: 6/6
  4092 | D:5      | Noticed Prince Ribbit
  4135 | D:5      | Slain by a centaur

Levels and vault maps discovered:
D:1:      mushboom_english_gardens, layout_basic, st_stairs_13,
          hangedman_decor_riveting
D:2:      layout_loops_ring, chequers_ecumenical_altar_simple_redux
D:3:      layout_basic
D:4:      minmay_inner_zag, layout_basic, first_ration
D:5:      layout_cave_pools, minmay_temple_entry_glassed_door,
          portal_sewer_entry_c, serial_shops, shop, uniq_prince_ribbit1,
          uniq_blork_the_orc, uniq_crazy_yiuf_cottage, uniq_eustachio,
          uniq_sigmund

Skill      XL: |  1  2  3  4  5  6  7 |
---------------+----------------------+-----
Fighting       | 4 5 6 |  6.0
Shields        | 4 5 |  5.4
Armour         | 4 5 |  5.5
Long Blades    | 3 4 5 6 |  6.6
Dodging        | 1 2 |  2.5
Stealth        | |  0.1

Action                   |  1- 3 |  4- 6 |  7- 9 || total
-------------------------+-------+-------+-------++-------
Melee: Long sword        |    67 |   214 |    58 ||   339
       Headbutt          |    14 |    27 |     6 ||    47
Evoke: Wand              |       |       |     1 ||     1
  Use: Potion            |       |     5 |     1 ||     6
       Scroll            |       |       |     7 ||     7
 Stab: Confused          |       |       |     1 ||     1
  Eat: Chunk             |     2 |     8 |       ||    10
Armor: Scale mail        |    28 |    22 |       ||    50
       Chain mail        |       |    85 |    19 ||   104
Dodge: Dodged            |    27 |    46 |    16 ||    89
Block: Shield            |    39 |   103 |    41 ||   183
       Rpst.: Long sword |     9 |    10 |     4 ||    23
